 Dungeon Crawl Stone Soup version 0.29.0-11-gd7f09526c8 (webtiles) character file.

Game seed: 13557915731211813739

63 GigaChad the Covered (level 3, 0/33 HPs)
             Began as a Minotaur Fighter on Sept 7, 2022.
             Was a Follower of Sif Muna.
             Slain by an orc
             ... wielding a +0 club
              (3 damage)
             ... on level 3 of the Dungeon.
             The game lasted 00:04:16 (1262 turns).

GigaChad the Covered (Minotaur Fighter)             Turns: 1262, Time: 00:04:17

Health: 0/33       AC:  9    Str: 22    XL:     3   Next: 87%
Magic:  2/2        EV:  7    Int:  5    God:    Sif Muna [*.....]
Gold:   118        SH:  4    Dex:  9    Spells: 2/2 levels left

rFire   . . .      SeeInvis +   a - +0 long sword
rCold   . . .      Faith    .   c - +0 buckler
rNeg    . . .      Spirit   .   l - +0 chain mail
rPois   .          Reflect  .   (helmet restricted)
rElec   .          Harm     .   (no cloak)
rCorr   .          Rampage  .   (no gloves)
Will    .....                   (no boots)
Stlth   ..........              (no amulet)
HPRegen 0.11/turn               r - ring of see invisible
MPRegen 0.08/turn               (no ring)

@: no status effects
A: horns 2, retaliatory headbutt
a: Renounce Religion, Channel Magic


You were on level 3 of the Dungeon.
You worshipped Sif Muna.
Sif Muna was aware of your devotion.
You visited 1 branch of the dungeon, and saw 3 of its levels.

You collected 118 gold pieces.

Inventory:

Hand Weapons
 a - a +0 long sword (weapon)
Armour
 b - a +0 scale mail
 c - a +0 buckler (worn)
 l - a +0 chain mail (worn)
Jewellery
 i - an amulet of magic regeneration
 r - a ring of see invisible (left hand)
Scrolls
 e - a scroll of blinking {unknown}
 h - 2 scrolls of vulnerability
 j - a scroll of immolation
 k - a scroll of teleportation
 o - 3 scrolls of amnesia
 p - a scroll of poison {unknown}
 s - 4 scrolls of identify
Potions
 d - a potion of might
 f - a potion of flight {unknown}
 g - a potion of haste {unknown}
 m - a potion of mutation {unknown}
 n - a potion of magic {unknown}
 q - a potion of curing {unknown}


   Skills:
 + Level 3.9 Fighting
 + Level 3.7 Long Blades
 + Level 4.5 Armour
 + Level 4.0 Shields


You had 2 spell levels left.
You didn't know any spells.
Your spell library contained the following spells:

 Spells                   Type           Power      Damage    Failure   Level
 Magic Dart               Conj           0%         1d3       99%         1
 Call Imp                 Summ           0%         N/A       100%        2
 Static Discharge         Conj/Air       0%         3-3/arc   100%        2
 Mephitic Cloud           Conj/Pois/Air  0%         N/A       100%        3
 Dispel Undead            Necr           0%         3d6       100%        4
 Sticky Flame             Conj/Fire      0%         2d3       100%        4


Dungeon Overview and Level Annotations

Branches:
Dungeon (3/15)

Altars:
Sif Muna


Innate Abilities, Weirdness & Mutations

You have a pair of horns on your head.
You reflexively headbutt those who attack you in melee.


Message History

The adder is heavily wounded.
You feel sick. The adder bites you but does no damage.
You barely miss the adder. Your headbutt misses the adder.
The adder is heavily wounded.
You feel sick. You block the adder's attack.
The adder bites you but does no damage.
You barely miss the adder.
The adder is heavily wounded.
You feel sick. The adder bites you but does no damage.
You hit the adder.
You kill the adder!
Sif Muna accepts your kill.
You feel sick. The bat hits you but does no damage.
You miss the bat.
You feel sick.
You are no longer poisoned.
The bat hits you but does no damage. The bat completely misses you.
You furiously retaliate!
You headbutt the bat.
You kill the bat!
Sif Muna accepts your kill.
An orc comes into view. It is wielding a +0 dagger.
Found a scale mail. 2 orcs come into view.
The orc shouts!
An orc priest comes into view. It is wielding a +0 club.
An orc comes into view. It is wielding a +0 hand axe.
The orc shouts!
The orc priest shouts!
The orc barely misses you.
You barely miss the orc. Your headbutt misses the orc.
The orc hits you with a +0 dagger.
* * * LOW HITPOINT WARNING * * *
The orc hits you but does no damage.
You hit the orc.
You kill the orc!
Sif Muna accepts your kill.
You closely miss the orc. The orc hits you but does no damage.
You slash the orc!
The orc is almost dead.
The orc barely misses you. The orc priest barely misses you.
The orc hits you with a +0 club.
You die...

..# .## #.##.# ## .###
..#.## .# ...#####....#
#####.#### ##....##)...#
#......... ......# #...#
#......... ##....# #...#
#.........
###...###...###..o......
...........>....@oo..[..
###...###)..###.o.......
#...# #...# #.........
##### #...# #.........
#...# ########## #####


You could see an orc priest and 3 orcs.

Vanquished Creatures
  2 adders (D:3)
  A worm (D:2)
  An orc (D:3)
  5 ball pythons
  5 endoplasms
  A giant cockroach (D:2)
  4 goblins
  3 hobgoblins (D:1)
  5 kobolds
  A quokka (D:2)
  4 bats
  2 frilled lizards
  2 rats
36 creatures vanquished.

Notes
Turn   | Place    | Note
-------+----------+-------------------------------------------
     0 | D:1      | GigaChad the Minotaur Fighter began the quest for the Orb.
     0 | D:1      | Reached XP level 1. HP: 19/19 MP: 0/0
   237 | D:1      | Reached XP level 2. HP: 27/27 MP: 1/1
   665 | D:2      | Found a faded altar of an unknown god.
   674 | D:2      | Prayed at the altar of an unknown god.
   674 | D:2      | Became a worshipper of Sif Muna the Loreminder
   674 | D:2      | Reached * piety under Sif Muna
   720 | D:2      | Reached XP level 3. HP: 33/33 MP: 2/2
  1262 | D:3      | Slain by an orc

Illustrated notes

Levels and vault maps discovered:
D:1:      enne_arrival_octagon_isle, layout_basic, minmay_tiny_reverse_x
D:2:      layout_rooms, hellmonk_ecumenical_altar_prayer_group
D:3:      minmay_spotlight, layout_rooms, minmay_stone_trees_small

Skill      XL: |  1  2  3 |
---------------+----------+-----
Long Blades    | 3 |  3.7
Armour         | 4 |  4.5
Shields        | 4 |  4.0
Fighting       | |  3.9

Action                   || total
-------------------------++-------
Melee: Long sword        ||    87
       Headbutt          ||     8
  Use: Scroll            ||     4
Armor: Scale mail        ||    14
       Chain mail        ||    50
Dodge: Dodged            ||    49
Block: Buckler           ||    23
